Map: Ruby Rock LE

Players

SCIInewby

  • Race: Zerg Zerg
  • League: Master
  • Spawn Location: 5:00

kniffo - Winner!

  • Race: Protoss Protoss
  • League: Master
  • Spawn Location: 11:00

VOD

Have the link to the VOD?

Description

Time

  • Played on: Feb. 11, 2026, 3:44 p.m.
  • Length: 9:43
Show
View Real Time Build Order
Export as new Build Order

SCIInewby Zerg 

Build Orders: Hatch First, Swarm Host 

Get SALT Encoding   

  12  0:02  Drone  
  13  0:12  Overlord  
  13  0:16  Drone  
  14  0:31  Drone x2  
  16  0:48  Hatchery  
  15  0:51  Drone  
  15  0:55  Drone  
  17  1:11  Spawning Pool  
  16  1:23  Drone x2  
  18  1:37  Extractor  
  17  1:40  Drone  
  17  1:44  Overlord  
  18  1:52  Drone  
  18  1:53  Evolution Chamber  
  18  2:02  Zergling x2  
  18  2:03  Zergling x2  
  18  2:07  Drone  
  21  2:10  Queen  
  23  2:22  Queen  
  25  2:26  Drone  
  26  2:35  Spine Crawler  
  25  2:43  Drone x3  
  28  2:48  Extractor, Drone  
  28  3:02  Roach Warren  
  27  3:07  Drone x2  
  27  3:09  Drone  
  27  3:11  Drone  
  31  3:22  Drone x3  
  34  3:28  Zerg Melee Weapons Level 1  
  34  3:30  Drone  
  34  3:33  Drone  
  36  3:38  Overlord  
  36  3:47  Lair  
  36  4:04  Extractor  
  36  4:06  Drone x5  
  40  4:15  Drone  
  40  4:16  Drone x3  
  44  4:20  Extractor  
  43  4:39  Overlord  
  43  4:40  Overlord x2  
  43  4:55  Infestation Pit  
  43  4:58  Zergling x6  
  43  4:59  Zergling x2  
  46  5:00  Glial Reconstitution  
  46  5:03  Burrow  
  46  5:06  Drone x3  
  46  5:07  Drone  
  50  5:22  Zerg Missile Weapons Level 1  
  50  5:26  Hatchery, Queen  
  51  5:40  Zergling x2  
  67  5:44  Overlord  
  67  5:45  Overlord x2  
  67  6:02  Queen  
  67  6:03  Zergling x2  
  67  6:04  Zergling x6  
  73  6:22  Pneumatized Carapace  
  73  6:23  Swarm Host x5  
  88  6:43  Drone x5  
  88  6:44  Drone  
  94  6:53  Overlord x3  
  97  6:56  Overseer  
  86  7:32  Roach  
  86  7:33  Roach x14  
  116  7:38  Swarm Host  
  116  7:39  Swarm Host  
  92  8:18  Spire  
  88  8:31  Swarm Host x4  
  88  8:32  Swarm Host  
  115  8:46  Roach  
  115  8:56  Extractor  
  115  8:58  Extractor  
  113  9:04  Roach x11  
  113  9:08  Roach x4  
  121  9:12  Overlord x8  
Show
View Real Time Build Order
Export as new Build Order

kniffo Protoss - Winner!

Build Orders: Chargelot Immortal 

Get SALT Encoding   

  12  0:02  Probe  
  13  0:14  Probe  
  14  0:26  Probe  
  15  0:34  Pylon  
  15  0:52  Probe  
  15  0:55  Assimilator  
  16  1:04  Probe  
  16  1:09  Gateway  
  17  1:21  Nexus  
  17  1:28  Probe  
  18  1:36  Probe  
  18  1:45  Probe  
  20  2:02  Cybernetics Core  
  20  2:04  Gateway  
  20  2:17  Probe  
  20  2:21  Zealot  
  23  2:32  Probe  
  23  2:35  Pylon  
  23  2:36  Pylon  
  24  2:38  Pylon  
  24  2:40  Probe  
  26  2:51  Probe  
  26  2:55  Assimilator  
  26  2:56  Probe  
  27  3:03  Probe  
  28  3:08  Warp Gate  
  28  3:11  Probe  
  28  3:12  Robotics Facility  
  28  3:13  Probe  
  28  3:19  Probe  
  30  3:25  Probe  
  32  3:38  Stalker x2  
  36  3:45  Probe x2  
  38  4:03  Twilight Council  
  38  4:05  Forge  
  38  4:07  Probe x2  
  40  4:17  Observer  
  40  4:19  Probe x2  
  43  4:31  Probe x2  
  44  4:34  Assimilator  
  44  4:35  Assimilator  
  44  4:37  Immortal  
  49  4:40  Protoss Ground Weapons Level 1  
  49  4:43  Probe x2  
  51  4:47  Charge  
  51  4:55  Pylon  
  51  4:58  Pylon  
  51  5:01  Gateway  
  51  5:02  Gateway  
  51  5:05  Gateway  
  51  5:07  Gateway x2  
  51  5:12  Probe x2  
  53  5:24  Probe x2  
  53  5:25  Immortal  
  59  5:36  Robotics Facility  
  59  5:39  Robotics Bay  
  59  5:50  Zealot x2  
  59  5:56  Zealot  
  59  5:57  Zealot  
  71  6:04  Immortal  
  71  6:15  Zealot  
  71  6:16  Zealot x2  
  77  6:25  Pylon x2  
  77  6:27  Pylon  
  77  6:33  Extended Thermal Lance  
  77  6:42  Pylon, Colossus x2  
  77  6:45  Pylon  
  89  6:49  Pylon  
  89  6:50  Protoss Ground Weapons Level 2  
  89  7:09  Zealot  
  89  7:10  Zealot  
  91  7:36  Warp Prism  
  97  7:37  Immortal, Zealot  
  97  7:38  Zealot x3  
  105  8:10  Pylon  
  105  8:14  Pylon  
  105  8:20  Nexus  
  105  8:25  Zealot x2  
  109  8:46  Pylon  
  109  8:47  Zealot x2  
  109  8:48  Zealot x2  
  117  8:49  Pylon x2  
  117  8:53  Immortal  
  117  8:54  Immortal  
  125  9:11  Zealot  
  119  9:31  Zealot x3  
  111  9:32  Zealot  
Tags
 
Add a new tag
Caveats
  • Supply blocks, unpowered buildings, or Contaminate may cause inaccurate times.
  • Supply counts are checked every 10 seconds.